 Dungeon Crawl Stone Soup version 0.21-a0-442-g848f44b (webtiles) character file.

6386 KristoblXynda the Martial Artist (level 10, -4/77 HPs)
             Began as a Yellow Draconian Monk on Nov 13, 2017.
             Was a Believer of Ashenzari.
             Slain by EnegeticOcto's ghost (25 damage)
             ... on level 9 of the Dungeon.
             The game lasted 00:26:33 (11098 turns).

KristoblXynda the Martial Artist (DrMo)            Turns: 11098, Time: 00:26:35

Health: -4/77      AC: 12    Str: 14    XL:     10   Next: 66%
Magic:  16/16      EV: 24    Int: 12    God:    Ashenzari [**....]
Gold:   540        SH:  8    Dex: 20    Spells: 9/9 levels left

rFire    . . .     SeeInvis +     - Unarmed
rCold    . . .     Gourm    .   e - +2 buckler (curse)
rNeg     + . .     Faith    .   (armour unavailable)
rPois    .         Spirit   .   i - +2 hat {MR+} (curse)
rElec    .         Reflect  .   l - scarf {cloud immunity} (curse)
rCorr    +         Harm     .   (no gloves)
MR       +....                  k - +2 pair of boots (curse)
Stlth    ++++......             (no amulet)
HPRegen  0.22/turn              w - ring of positive energy (curse)
MPRegen  0.15/turn              D - ring of see invisible (curse)

@: agile, short of breath
A: spit acid, acid resistance, unfitting armour, blink, cold-blooded, subdued
magic 1, AC +7
a: Breathe Acid, Blink, Curse Item, Scrying, Renounce Religion


You were on level 9 of the Dungeon.
You worshipped Ashenzari.
Ashenzari was pleased with you.
You were not hungry.

You visited 2 branches of the dungeon, and saw 10 of its levels.
You also visited: Ossuary.

You collected 540 gold pieces.

Inventory:

Hand Weapons
 m - a +1 long sword
 B - a +2 falchion of holy wrath
Missiles
 r - a throwing net (quivered)
Armour
 e - a cursed +2 buckler (worn)
 i - a cursed +2 hat of magic resistance (worn)
 k - a cursed +2 pair of boots (worn)
 l - a cursed scarf of cloud immunity (worn)
Jewellery
 b - an uncursed ring of flight
 w - a cursed ring of positive energy (left hand)
 D - a cursed ring of see invisible (right hand)
Wands
 n - a wand of digging (15/24)
 y - a wand of confusion (18/48)
Scrolls
 c - 3 scrolls of remove curse
 d - 2 scrolls of teleportation
 f - a scroll of amnesia
 j - 2 scrolls of identify
 s - a scroll of fog
 t - a scroll of magic mapping
Potions
 o - 3 potions of cancellation
 p - 2 potions of curing
 q - 2 potions of flight
 v - a potion of mutation
 x - a potion of agility
Comestibles
 a - 6 bread rations
 g - 3 royal jellies
 u - 6 meat rations
 A - 2 fruits


   Skills:
 - Level 3.2 Fighting
 - Level 2.7 Long Blades
 + Level 7.6(9.1) Dodging
 - Level 1.7(2.8) Stealth
 - Level 5.0(6.4) Shields
 + Level 10.2 Unarmed Combat
 + Level 8.5(10.0) Evocations


You had 9 spell levels left.
You didn't know any spells.

Dungeon Overview and Level Annotations

Branches:
Dungeon (9/15)             Temple (1/1) D:7
   Lair: D:8-11         Orc: D:9-12

Altars:
Ashenzari
Cheibriados
Dithmenos
Elyvilon
Fedhas
Gozag
Hepliaklqana
Kikubaaqudgha
Makhleb
Nemelex Xobeh
Okawaru
Qazlal
Ru
Sif Muna
Trog
Uskayaw
Vehumet
Wu Jian
Xom
Yredelemnul
Zin
The Shining One

Shops:
D:7 (

Annotations:
D:9 EnegeticOcto's ghost, journeyman HOAK


Innate Abilities, Weirdness & Mutations

You can spit globs of acid.
You are resistant to acid.
Your golden yellow scales are hard. (AC +7)
You cannot fit into any form of body armour.
You are cold-blooded and may be slowed by cold attacks.
You can translocate small distances at will.
Your spells are a little easier to cast, but a little less powerful.


Message History

You punch EnegeticOcto's ghost!
EnegeticOcto's ghost is moderately damaged.
Unknown command.
You closely miss EnegeticOcto's ghost.
EnegeticOcto's ghost is moderately damaged.
You block EnegeticOcto's ghost's attack.
You hit EnegeticOcto's ghost.
Your tail-slap misses EnegeticOcto's ghost.
EnegeticOcto's ghost is moderately damaged.
EnegeticOcto's ghost completely misses you.
You feel better.
You block EnegeticOcto's ghost's attack.
You punch EnegeticOcto's ghost!
EnegeticOcto's ghost is moderately damaged.
EnegeticOcto's ghost hits you!!
* * * LOW HITPOINT WARNING * * *
You barely miss EnegeticOcto's ghost.
EnegeticOcto's ghost is moderately damaged.
EnegeticOcto's ghost hits you!!
You die...

, .#..# , #.# * , * ...$, #.# . #
, ** , #..# * #.# ##. ##. , ,
##..# #.# #.. ..# , ,
#,*##...#####<# #.# #.# ,, {
#.##....W..TW.####.# #.# *, ##
.##.#.......######.#.###.# * ##.
.............####........######..
.............'TW@.........)......
###.........####...##.##.##.##..
, ##..[....####.#.###.##.##.##..
##.?...## #.#.....<##.##!##..
##.....# ##.#.######.##.##..
#..##.# #.#........##.##..
#..#*.# #.###########..... * *
**#..#*.# #.# ####.# ,.... , #.#
,


You could see a troll and EnegeticOcto's ghost.

Vanquished Creatures
  2 two-headed ogres (D:8)
  Pikel (D:4)
  The ghost of JackS81 the Covert, a novice OpFi (D:6)
  The ghost of Autsider the Charmwright, an amateur GnSk of Ashenzari (D:4)
  A hippogriff (D:8)
  A hungry ghost (D:8)
  A water moccasin (D:5)
  Duvessa (D:7)
  A swamp drake (D:4)
  2 phantoms
  2 ice beasts
  2 black bears
  3 orc warriors
  3 ogres
  An eye of draining (D:6)
  3 sky beasts
  2 centaurs
  A big kobold (D:8)
  3 bullfrogs (D:8)
  Dowan (D:7)
  A water moccasin zombie (Ossuary)
  3 scorpions
  A howler monkey (D:8)
  2 bullfrog zombies
  4 crimson imps
  A quasit (D:8)
  2 hounds
  2 orc priests (D:7)
  11 orc wizards
  A bullfrog skeleton (D:6)
  2 centaur skeletons
  Terence (D:2)
  An iguana (D:5)
  3 worker ants
  Natasha (thrice) (D:2)
  4 big kobold zombies (Ossuary)
  A hound skeleton (D:4)
  2 mummies (Ossuary)
  A worker ant zombie (D:9)
  Robin (D:2)
  7 gnolls
  4 adders
  2 shadow imps
  4 oozes
  8 adder zombies
  4 adder skeletons
  3 worms
  2 dart slugs (D:1)
  4 leopard geckos
  22 orcs
  2 ball pythons (D:1)
  4 bats
  2 giant cockroaches
  5 gnoll zombies (Ossuary)
  29 goblins
  14 hobgoblins
  20 jackals
  15 kobolds
  4 quokkas
  A ball python skeleton (D:4)
  6 frilled lizards
  7 hobgoblin zombies (Ossuary)
  3 kobold zombies (Ossuary)
  3 orc zombies (Ossuary)
  5 rats
260 creatures vanquished.

Vanquished Creatures (others)
  A slave (D:4)
  3 orcs (D:4)
  A giant cockroach (D:5)
5 creatures vanquished.

Grand Total: 265 creatures vanquished

Notes
Turn   | Place    | Note
-------+----------+-------------------------------------------
     0 | D:1      | KristoblXynda the Draconian Monk began the quest for the Orb.
     0 | D:1      | Reached XP level 1. HP: 19/19 MP: 1/1
   116 | D:1      | Reached XP level 2. HP: 24/26 MP: 2/2
   280 | D:1      | Reached XP level 3. HP: 17/31 MP: 3/3
   315 | D:1      | Reached skill level 4 in Unarmed Combat
   727 | D:2      | Noticed Natasha
   735 | D:2      | Killed Natasha
   735 | D:2      | Reached XP level 4. HP: 31/38 MP: 4/4
   781 | D:2      | Noticed Robin
   811 | D:2      | Killed Robin
  1099 | D:2      | Found a white marble altar of Elyvilon.
  1436 | D:2      | Noticed Natasha
  1452 | D:2      | Killed Natasha
  1538 | D:2      | Reached XP level 5. HP: 43/45 MP: 5/5
  1616 | D:2      | Noticed Terence
  1628 | D:2      | Killed Terence
  1628 | D:2      | Reached skill level 1 in Long Blades
  1818 | D:2      | Noticed Natasha
  1841 | D:2      | Killed Natasha
  1841 | D:2      | Reached skill level 5 in Unarmed Combat
  2252 | D:3      | Reached XP level 6. HP: 23/51 MP: 6/6
  2970 | D:3      | Found a faded altar of an unknown god.
  2970 | D:3      | Found an ornate altar of the Wu Jian Council.
  2975 | D:3      | Found a sacrificial altar of Ru.
  2977 | D:3      | Found a deep blue altar of Sif Muna.
  2979 | D:3      | Found a faded altar of an unknown god.
  3298 | D:4      | Noticed Autsider's ghost (amateur GnSk)
  3580 | D:4      | Found a hazy altar of Hepliaklqana.
  3595 | D:4      | Noticed Sigmund
  4385 | D:4      | Reached skill level 1 in Shields
  4408 | D:4      | Noticed a slave
  4409 | D:4      | Noticed Pikel
  4418 | D:4      | Killed Pikel
  4418 | D:4      | Reached skill level 6 in Unarmed Combat
  4418 | D:4      | Your scales start taking on a golden yellow colour.
  4418 | D:4      | Reached XP level 7. HP: 57/57 MP: 6/9
  4660 | D:4      | Noticed Sigmund
  4663 | D:4      | Killed Sigmund the swamp drake
  4663 | D:4      | Reached XP level 8. HP: 58/63 MP: 10/10
  5434 | D:4      | Killed Autsider's ghost
  5434 | D:4      | Reached skill level 7 in Unarmed Combat
  5650 | D:5      | Entered Level 5 of the Dungeon
  5650 | D:5      | Found a sparkling altar of Nemelex Xobeh.
  5957 | D:5      | Reached skill level 5 in Shields
  5957 | D:5      | Reached skill level 5 in Evocations
  6338 | D:5      | Reached XP level 9. HP: 70/70 MP: 11/13
  6387 | D:5      | Found an ornate altar of the Wu Jian Council.
  6474 | D:5      | Found a radiant altar of Vehumet.
  6577 | D:6      | Noticed JackS81's ghost (novice OpFi)
  6602 | D:6      | Killed JackS81's ghost
  6602 | D:6      | Reached skill level 5 in Dodging
  6602 | D:6      | Reached skill level 8 in Unarmed Combat
  6852 | D:6      | Found a sand-covered staircase.
  6862 | Ossuary  | Entered an ossuary
  7288 | D:6      | Found an opulent altar of Gozag.
  7482 | D:6      | Found a bloodstained altar of Trog.
  8591 | D:7      | Reached skill level 9 in Unarmed Combat
  8804 | D:7      | Found Conkig's Antique Weapon Shop.
  8965 | D:7      | Found a staircase to the Ecumenical Temple.
  8976 | Temple   | Entered the Ecumenical Temple
  9040 | Temple   | Became a worshipper of Ashenzari the Shackled
  9040 | Temple   | Reached * piety under Ashenzari
  9040 | Temple   | Reached ** piety under Ashenzari
  9104 | D:7      | Noticed Dowan
  9106 | D:7      | Found a burning altar of Makhleb.
  9107 | D:7      | Noticed Duvessa
  9122 | D:7      | Killed Duvessa
  9130 | D:7      | Killed Dowan
  9736 | D:8      | Reached XP level 10. HP: 72/77 MP: 15/15
  9831 | D:8      | Noticed a two-headed ogre
  9836 | D:8      | Killed a two-headed ogre
  9946 | D:8      | Noticed a two-headed ogre
  9992 | D:8      | Killed a two-headed ogre
 10337 | D:8      | Reached skill level 10 in Unarmed Combat
 10672 | D:9      | Noticed EnegeticOcto's ghost (journeyman HOAK)
 11077 | D:9      | Gained mutation: Your spells are a little easier to cast, but a little less powerful. [potion of mutation]
 11077 | D:9      | Gained mutation: You can translocate small distances at will. [potion of mutation]
 11098 | D:9      | Slain by EnegeticOcto's ghost

Vault maps used:
D:1:      dpeg_arrival_rhombi, minivault_4, minmay_close_crescents
D:2:      cheibrodos_greedy_goblins, elyvilon_altar_5, first_bread, uniq_robin,
          uniq_natasha, uniq_terence
D:3:      chequers_temple_overflow_minitemple
D:4:      lemuel_crystal_altar, minivault_14, st_stairs_1, patterned_corridor,
          uniq_sigmund, uniq_pikel
D:5:      kennysheep_big_flooded_room, nemelex_xobeh_ov_fountains_minmay,
          fiery_altar_vehumet, basic_altar, lightli_corner_chamber
D:6:      trog_eyes_of_draining, nicolae_gozag_cash_rules_everything_around_me,
          enter_ossuary_2, serial_bayou_pond_e
D:7:      makhleb_heckhound_becter, minmay_temple_entry_statues_fountains,
          serial_shops, kennysheep_mini, uniq_duvessa
Temple:   nicolae_temple_hex_pool
Ossuary:  ossuary_tomb_2

Skill      XL: |  1  2  3  4  5  6  7  8  9 10 |
---------------+-------------------------------+-----
Dodging        | 3 4 6 7 |  7.6
Unarmed Combat | 4 5 6 7 9 10 | 10.2
Long Blades    | 2 |  2.7
Shields        | 3 5 |  5.0
Evocations     | 3 5 7 8 |  8.5
Fighting       | |  3.2
Stealth        | |  1.7

Action                   |  1- 3 |  4- 6 |  7- 9 | 10-12 || total
-------------------------+-------+-------+-------+-------++-------
Melee: Unarmed           |   106 |   338 |   517 |   207 ||  1168
       Tailslap          |    12 |    48 |    77 |    22 ||   159
       Punch             |     3 |     3 |       |       ||     6
Invok: Curse Item        |       |       |     5 |       ||     5
 Abil: Breathe Acid      |       |       |    22 |     8 ||    30
Evoke: Wand              |       |     2 |     3 |     3 ||     8
  Use: Scroll            |       |    11 |     6 |     2 ||    19
       Potion            |       |     3 |     1 |     6 ||    10
 Stab: Sleeping          |     3 |     3 |     4 |     2 ||    12
       Distracted        |       |     2 |       |       ||     2
  Eat: Chunk             |       |     7 |    11 |     5 ||    23
       Bread ration      |       |     1 |     1 |       ||     2
       Meat ration       |       |       |     1 |       ||     1
       Fruit             |       |       |       |     3 ||     3
       Royal jelly       |       |       |       |     1 ||     1
Armor: Skin              |    24 |    76 |   133 |    44 ||   277
Dodge: Dodged            |    64 |   174 |   223 |   103 ||   564
Block: Buckler           |       |    32 |   138 |    57 ||   227

Table legend:
 A = Spawn XP
 B = Non-spawn XP
 C = Spawn XP percentage of total XP
 D = Spawn monster count
 E = Non-spawn monster count
 F = Spawn count percentage of total count
 G = Total turns spent on level
                    A         B        C        D         E        F      G
               +---------+---------+-------+---------+---------+-------+---------
         Total |       0 |    9124 |   0.0 |       0 |     260 |   0.0 | 11098
               +---------+---------+-------+---------+---------+-------+---------
           D:1 |       0 |      64 |   0.0 |       0 |      30 |   0.0 |   719
           D:2 |       0 |     208 |   0.0 |       0 |      30 |   0.0 |  1332
           D:3 |       0 |     237 |   0.0 |       0 |      36 |   0.0 |  2369
           D:4 |       0 |    1531 |   0.0 |       0 |      29 |   0.0 |  1230
           D:5 |       0 |     773 |   0.0 |       0 |      14 |   0.0 |   920
           D:6 |       0 |    1229 |   0.0 |       0 |      20 |   0.0 |  1326
           D:7 |       0 |    1024 |   0.0 |       0 |      26 |   0.0 |  1089
           D:8 |       0 |    3536 |   0.0 |       0 |      33 |   0.0 |  1300
           D:9 |       0 |     245 |   0.0 |       0 |      10 |   0.0 |   355
       Ossuary |       0 |     277 |   0.0 |       0 |      32 |   0.0 |   344
               +---------+---------+-------+---------+---------+-------+---------
